Map: Amygdala

Players

SortOf

  • Race: Zerg Zerg
  • League: Master
  • Spawn Location: 7:00

A.I. 1 (Easy) - Winner!

  • Race: Terran Terran
  • Spawn Location: 1:00

VOD

Have the link to the VOD?

Description

Time

  • Played on: Jan. 7, 2025, 3 a.m.
  • Length: 3:38
Show
View Real Time Build Order
Export as new Build Order

SortOf Zerg 

Build Orders: Hatch First 

Get SALT Encoding   

  12  0:02  Drone  
  13  0:10  Drone  
  14  0:15  Drone, Extractor  
  15  0:35  Hatchery  
  14  0:39  Extractor  
  14  0:40  Drone  
  15  0:46  Overlord  
  15  1:01  Spawning Pool  
  15  1:04  Drone  
  15  1:08  Drone  
  16  1:12  Drone  
  16  1:17  Drone  
  18  1:25  Drone  
  19  1:36  Drone  
  20  1:46  Drone  
  21  1:47  Queen x2  
  21  1:51  Drone  
  26  1:57  Drone  
  26  2:00  Overlord  
  27  2:08  Drone  
  28  2:16  Hatchery  
  28  2:18  Drone  
  28  2:20  Drone  
  28  2:21  Drone  
  30  2:29  Queen  
  30  2:33  Drone  
  30  2:36  Overlord  
  33  2:40  Drone  
  33  2:42  Drone  
  35  2:46  Extractor  
  34  2:52  Drone x2  
  34  2:57  Drone x5  
  41  3:00  Drone  
  41  3:05  Roach Warren  
  41  3:06  Drone  
  41  3:08  Drone  
  43  3:16  Drone  
  43  3:17  Overlord  
  43  3:18  Extractor  
  43  3:23  Evolution Chamber  
Show
View Real Time Build Order
Export as new Build Order

A.I. 1 (Easy) Terran - Winner!

Build Orders:  

Get SALT Encoding   

  12  0:00  SCV  
  13  0:13  SCV  
  14  0:18  Supply Depot  
  14  0:25  SCV  
  15  0:40  SCV  
  16  0:44  Barracks  
  16  0:45  Refinery  
  16  1:10  Supply Depot  
  16  1:19  Refinery  
  16  1:32  Marine, Orbital Command  
  17  1:50  Marine  
  18  1:57  SCV  
  19  2:04  Supply Depot  
  19  2:08  Marine  
  19  2:09  SCV  
  21  2:21  SCV  
  22  2:27  Barracks Tech Lab  
  22  2:33  SCV  
  23  2:46  SCV  
  23  2:49  Marauder  
  26  2:58  SCV  
  27  3:10  Marauder  
Tags
 
League
Master
Matchup
TvZ
Player
SortOf
Spawn Locations
Cross Positions
Add a new tag
Caveats
  • Supply blocks, unpowered buildings, or Contaminate may cause inaccurate times.
  • Supply counts are checked every 10 seconds.